 Dungeon Crawl Stone Soup version 0.22-a0-848-ge9e22a0 (webtiles) character file.

7 Amnesiac the Digger (level 1, 0/13 HPs)
             Began as a Mummy Earth Elementalist on July 26, 2018.
             Slain by a leopard gecko (3 damage)
             ... on level 1 of the Dungeon.
             The game lasted 00:00:25 (311 turns).

Amnesiac the Digger (Mummy Earth Elementalist)       Turns: 311, Time: 00:00:26

Health: 0/13       AC:  2    Str: 11    XL:     1   Next: 91%
Magic:  4/4        EV: 12    Int: 14    God:
Gold:   15         SH:  0    Dex: 12    Spells: 4/5 levels left

rFire    x . .     SeeInvis .   a - +0 hand axe
rCold    + . .     Gourm    .   (no shield)
rNeg     + + +     Faith    .   c - +0 robe
rPois    ∞         Spirit   .   (no helmet)
rElec    .         Reflect  .   (no cloak)
rCorr    .         Harm     .   (no gloves)
MR       .....                  (no boots)
Stlth    ++........             (no amulet)
HPRegen  0.04/turn              (no ring)
MPRegen  0.09/turn              (no ring)

@: no status effects
A: no food or potions, fire vulnerability, cold resistance 1, negative energy
resistance 3, torment resistance, unbreathing
a: no special abilities


You were on level 1 of the Dungeon.
You were not hungry.

You visited 1 branch of the dungeon, and saw 2 of its levels.

You collected 15 gold pieces.

Inventory:

Hand Weapons
 a - a +0 hand axe (weapon)
Missiles
 b - 26 stones (quivered)
Armour
 c - a +0 robe (worn)
Scrolls
 d - a scroll of remove curse {!r, unknown}
 e - a scroll of magic mapping {!r, unknown}


   Skills:
 - Level 1.5 Dodging
 - Level 1.5 Stealth
 + Level 2.8 Spellcasting
   Level 0.7 Transmutations
 * Level 2.8 Earth Magic


You had 4 spell levels left.
You knew the following spells:

 Your Spells              Type           Power        Failure   Level  Hunger
a - Sandblast             Erth           #.....       7%          1    N/A

Your spell library contained the following spells:

 Spells                   Type           Power        Failure   Level  Hunger
 Stone Arrow              Conj/Erth      #.....       36%         3    N/A
 Passwall                 Tmut/Erth      #.......     16%         2    N/A
 Lee's Rapid Deconstruct  Erth           #.........   88%         5    N/A
 Petrify                  Tmut/Erth      #.......     71%         4    N/A

Dungeon Overview and Level Annotations

Branches:
Dungeon (2/15)

Altars:


Innate Abilities, Weirdness & Mutations

You do not eat or drink.
Your flesh is vulnerable to fire.
You are immune to poison.
Your flesh is cold resistant. (rC+)
You are immune to negative energy. (rN+++)
You are immune to unholy pain and torment.
You can survive without breathing.


Message History

b - 25 stones (gained 1)
You now have 3 gold pieces.
e - a scroll labeled RAT ZUDUUN {!r}
b - 26 stones (gained 1)
You now have 15 gold pieces (gained 12).
Found 18 sling bullets.
A bat comes into view.
A bat is nearby!
A bat is nearby!
A hobgoblin comes into view. It is wielding a club.
The bat closely misses you.
Found a ration.
The bat barely misses you.
You barely miss the bat. The bat closely misses you.
The bat hits you but does no damage.
You see here 18 sling bullets.
You hit the hobgoblin but do no damage. The bat hits you but does no damage.
The hobgoblin hits you with a club. The hobgoblin barely misses you.
You hit the hobgoblin.
You kill the hobgoblin!
The bat hits you but does no damage. The bat barely misses you.
You closely miss the bat. The bat hits you but does no damage.
The bat hits you but does no damage.
You see here 18 sling bullets.
The bat hits you but does no damage.
You see here a club.
You miss the bat. The bat hits you.
* * * LOW HITPOINT WARNING * * *
The bat completely misses you. The bat hits you but does no damage.
You see here 18 sling bullets.
You closely miss the bat. The bat barely misses you.
The bat hits you but does no damage. The bat misses you.
You slash the bat!
You kill the bat!
No target in view!
No target in view!
No target in view!
You start resting.
HP restored.
Found a stone staircase leading down.
No target in view!
A kobold comes into view. It is wielding a short sword.
Found 7 gold pieces.
The kobold shouts!
You hear an angry hiss.
A leopard gecko comes into view.
A leopard gecko is nearby!
The kobold barely misses you.
There is a stone staircase leading down here.
The kobold closely misses you.
You climb downwards.
There is a stone staircase leading up here.
The kobold closely misses you.
You climb upwards.
The leopard gecko bites you but does no damage.
There is a stone staircase leading down here.
You hit the kobold.
The kobold is severely wounded.
You hit the leopard gecko. The leopard gecko bites you.
* * * LOW HITPOINT WARNING * * *
The kobold hits you with a short sword.
* * * LOW HITPOINT WARNING * * *
The leopard gecko bites you.
You die...

#.##
#.............
#.......#..#.##
#.............
#.......#....#
#.......#.#..###
#.......#.#....#
#.......#.#.l#.#
#...........@..#
#..%...##.#K#..#
#......##.#....$.#
#....).##.########
#######(###..
.......†.####
.........#
.........#
#######.##


You could see a leopard gecko and a kobold.

Vanquished Creatures
  A bat (D:1)
  A giant cockroach (D:1)
  A goblin (D:1)
  A hobgoblin (D:1)
  3 kobolds (D:1)
7 creatures vanquished.

Notes
Turn   | Place    | Note
-------+----------+-------------------------------------------
     0 | D:1      | Amnesiac the Mummy Earth Elementalist began the quest for the Orb.
     0 | D:1      | Reached XP level 1. HP: 13/13 MP: 4/4
   311 | D:1      | Slain by a leopard gecko

Vault maps used:
D:1:      sevenhm_arrival_forest_fort_large_4, nrook_mini_backslash
D:2:      overflow_temple_1_default, minivault_19

Action                   || total
-------------------------++-------
Melee: Hand axe          ||    12
 Cast: Sandblast         ||     6
Armor: Robe              ||    10
Dodge: Dodged            ||    19

Table legend:
 A = Spawn XP
 B = Non-spawn XP
 C = Spawn XP percentage of total XP
 D = Spawn monster count
 E = Non-spawn monster count
 F = Spawn count percentage of total count
 G = Total turns spent on level
                    A         B        C        D         E        F      G
               +---------+---------+-------+---------+---------+-------+---------
         Total |       0 |      11 |   0.0 |       0 |       7 |   0.0 |   311
               +---------+---------+-------+---------+---------+-------+---------
           D:1 |       0 |      11 |   0.0 |       0 |       7 |   0.0 |   309
               +---------+---------+-------+---------+---------+-------+---------
